 Dungeon Crawl Stone Soup version 0.19.5 (webtiles) character file.

2091 Gargoyl the Covered (level 9, -11/75 HPs)
             Began as a Ghoul Abyssal Knight on Apr 12, 2017.
             Was an Elder of Lugonu.
             Mangled by an orc warrior
             ... wielding a +0 glaive
              (18 damage)
             ... on level 7 of the Dungeon.
             The game lasted 00:13:30 (7617 turns).

Gargoyl the Covered (Ghoul Abyssal Knight)          Turns: 7617, Time: 00:13:30

Health: -11/75     AC: 10    Str: 19    XL:     9   Next: 27%
Magic:  12/12      EV:  8    Int:  7    God:    Lugonu [****..]
Gold:   320        SH:  0    Dex: 12    Spells: 0 memorised, 8 levels left

rFire  . . .     SeeInvis .     d - +1 hand axe (venom)
rCold  + . .     Gourm    .     h - +0 chain mail
rNeg   + + +     Faith    .     (no shield)
rPois  ∞         Spirit   .     (no helmet)
rElec  .         Reflect  .     (no cloak)
rCorr  .         Harm     .     (no gloves)
MR     .....                    (no boots)
Stlth  ..........               (no amulet)
                                (no ring)
                                f - +4 ring of dexterity

@: rotting
A: rotting body, claws 1, carnivore 3, cold resistance 1, negative energy
resistance 3, slow regeneration 1, torment resistance, unbreathing
a: Depart the Abyss, Bend Space, Banish, Corrupt, Renounce Religion


You were on level 7 of the Dungeon.
You worshipped Lugonu.
Lugonu was greatly pleased with you.
You were not hungry.

You visited 1 branch of the dungeon, and saw 7 of its levels.
You visited the Abyss 1 time.

You collected 320 gold pieces.

Inventory:

Hand Weapons
 a - a +1 hand axe
 d - a +1 hand axe of venom (weapon)
Armour
 h - a +0 chain mail (worn)
Jewellery
 f - a +4 ring of dexterity (left claw)
 j - a +4 ring of protection
Wands
 t - a wand of enslavement (15/24)
 u - a wand of digging (11/24)
Scrolls
 b - a scroll of fear
 k - 5 scrolls of teleportation
 l - 4 scrolls of identify
 n - 2 scrolls of amnesia
Potions
 e - a potion of agility
 g - a potion of berserk rage {unknown}
 m - 2 potions of haste {unknown}
 o - 2 potions of flight {unknown}
 p - a potion of mutation {unknown}
 r - a potion of brilliance {unknown}
Books
 i - a book of Battle

   Spells                             Type                      Level
   a - Infusion                       Charms                       1
   b - Shroud of Golubria             Charms/Translocation         2
   c - Song of Slaying                Charms                       2
   d - Spectral Weapon                Hexes/Charms                 3
   e - Regeneration                   Charms/Necromancy            3
 s - a book of the Earth

   Spells                             Type                      Level
   a - Leda's Liquefaction            Hexes/Earth                  4
   b - Bolt of Magma                  Conjuration/Fire/Earth       5
   c - Statue Form                    Transmutation/Earth          6
   d - Iron Shot                      Conjuration/Earth            6
   e - Shatter                        Earth                        9
Comestibles
 c - 4 meat rations
 q - 2 beef jerkies


   Skills:
 + Level 5.7 Fighting
 + Level 6.0 Axes
 * Level 6.6 Armour
 + Level 2.1 Dodging
 * Level 6.1 Invocations


You had 8 spell levels left.
You didn't know any spells.

Dungeon Overview and Level Annotations

Branches:
Dungeon (7/15)             Temple (0/1) D:6

Altars:
The Shining One

Shops:
D:4 (

Annotations:
D:5 Turtleman12345's ghost, novice DEFE


Innate Abilities, Weirdness & Mutations

Your body is rotting away.
You thrive on raw meat.
You are immune to poison.
You have sharp fingernails.
You are carnivorous and can eat meat at any time.
Your flesh is cold resistant. (rC+)
You are immune to negative energy. (rN+++)
You regenerate slowly when monsters are visible.
You are immune to unholy pain and torment.
You can survive without breathing.


Message History

The orc warrior closely misses you.
You hit the orc warrior.
The orc warrior is lightly wounded.
The orc warrior barely misses you.
You closely miss the orc warrior.
The orc warrior is lightly wounded.
The orc warrior hits you with a glaive!!
You hit the orc warrior but do no damage.
The orc warrior is lightly wounded.
You hit the orc warrior but do no damage.
The orc warrior is poisoned.
The orc warrior is lightly wounded.
The orc warrior hits you with a glaive!
* * * LOW HITPOINT WARNING * * *
You closely miss the orc warrior.
The orc warrior is lightly wounded.
The orc warrior hits you with a glaive!
* * * LOW HITPOINT WARNING * * *
The orc warrior hits you from afar with a glaive!!
You die...

...#... ........
##...#.. ......
... ....# ... #
#...# ....
####.####...#...#
#....o[@....#...#
####.####.......#
.. ##..##..# ##
#..##..# ##.##..#
#.##..#######.
#.##..........
#.###.########
#............<


You could see an orc warrior.

Vanquished Creatures
  Menkaure (D:5)
  A sky beast (D:5)
  3 centaurs
  An ogre (D:6)
  A bullfrog (D:6)
  A scorpion (D:3)
  2 wights (D:6)
  A bullfrog zombie (D:5)
  2 centaur zombies
  A bullfrog skeleton (D:4)
  A hound (D:6)
  6 orc priests
  A centaur skeleton (D:4)
  7 orc wizards
  3 iguanas
  Natasha (thrice) (D:2)
  4 worker ants
  A killer bee zombie (D:6)
  Robin (D:3)
  11 adders
  3 gnolls (D:5)
  An ooze (D:3)
  5 worms
  A dart slug (D:1)
  4 leopard geckos
  29 orcs
  2 ball pythons
  6 bats
  5 giant cockroaches
  13 hobgoblins
  7 jackals
  7 kobolds
  7 quokkas
  6 frilled lizards
  18 goblins
  7 rats
173 creatures vanquished.

Vanquished Creatures (others)
  The ghost of raetorn the Sneak, an amateur OpMo (D:4)
  A phantom (D:5)
  3 wights
  An adder (D:6)
6 creatures vanquished.

Grand Total: 179 creatures vanquished

Notes
Turn   | Place    | Note
-------+----------+-------------------------------------------
     0 | Abyss:1  | Gargoyl the Ghoul Abyssal Knight began the quest for the Orb.
     0 | Abyss:1  | Reached XP level 1. HP: 19/19 MP: 1/1
     5 | Abyss:1  | Found a corrupted altar of Lugonu.
    54 | Abyss:1  | Found a corrupted altar of Lugonu.
   109 | Abyss:1  | Noticed a spatial vortex
   109 | Abyss:1  | Noticed a spatial vortex
   110 | Abyss:1  | Noticed a spatial vortex
   111 | Abyss:1  | Noticed a spatial maelstrom
   112 | Abyss:1  | Noticed a spatial vortex
   113 | Abyss:1  | Noticed a spatial vortex
   134 | Abyss:2  | Noticed a ynoxinul
   135 | D:1      | Escaped the Abyss
   212 | D:1      | Reached * piety under Lugonu
   455 | D:1      | Reached XP level 2. HP: 21/25 MP: 2/2
  1019 | D:1      | Reached XP level 3. HP: 23/33 MP: 3/3
  1296 | D:2      | Reached skill level 1 in Dodging
  1421 | D:2      | Reached XP level 4. HP: 34/40 MP: 5/5
  1744 | D:2      | Noticed Natasha
  1749 | D:2      | Killed Natasha
  1810 | D:2      | Noticed Natasha
  1820 | D:2      | Killed Natasha
  1820 | D:2      | Reached XP level 5. HP: 35/46 MP: 6/6
  1958 | D:2      | Reached ** piety under Lugonu
  1979 | D:2      | Noticed Natasha
  1992 | D:2      | Killed Natasha
  2090 | D:3      | Reached XP level 6. HP: 7/52 MP: 7/7
  2433 | D:3      | Noticed Robin
  2454 | D:3      | Killed Robin
  2454 | D:3      | Reached *** piety under Lugonu
  2471 | D:3      | Got a twisted helmet
  2477 | D:3      | Identified the +2 helmet of the Game of Kings {Str-5 Int+6} (You took it off Robin on level 3 of the Dungeon)
  2904 | D:4      | Reached XP level 7. HP: 59/59 MP: 8/8
  3340 | D:4      | Noticed raetorn's ghost (amateur OpMo)
  3341 | D:4      | Banished raetorn's ghost
  3466 | D:4      | Found Zuighu's Antique Weapon Shop.
  3907 | D:5      | Entered Level 5 of the Dungeon
  3913 | D:5      | Reached **** piety under Lugonu
  4009 | D:5      | Reached skill level 5 in Armour
  4009 | D:5      | Reached XP level 8. HP: 37/67 MP: 5/10
  4283 | D:5      | Reached skill level 5 in Invocations
  4438 | D:5      | Noticed Menkaure
  4458 | D:5      | Killed Menkaure
  4458 | D:5      | Reached skill level 5 in Axes
  4761 | D:5      | Noticed Turtleman12345's ghost (novice DEFE)
  4775 | D:5      | HP: 2/67 [orc wizard/magic dart (6)]
  5170 | D:6      | Found a staircase to the Ecumenical Temple.
  5305 | D:5      | Reached skill level 5 in Fighting
  5772 | D:5      | Found a glowing golden altar of the Shining One.
  6577 | D:6      | Reached XP level 9. HP: 36/74 MP: 12/12
  7617 | D:7      | Mangled by an orc warrior

Skill      XL: |  1  2  3  4  5  6  7  8  9 |
---------------+----------------------------+-----
Armour         | 2 3 4 5 6 |  6.6
Axes           | 2 3 4 5 6 |  6.0
Dodging        | 1 2 |  2.1
Invocations    | 3 4 5 6 |  6.1
Fighting       | 4 5 |  5.7

Action                   |  1- 3 |  4- 6 |  7- 9 || total
-------------------------+-------+-------+-------++-------
Melee: Hand axe          |    83 |   169 |   396 ||   648
Invok: Depart the Abyss  |     1 |       |       ||     1
       Banish            |       |       |     6 ||     6
  Use: Scroll            |     3 |     4 |     2 ||     9
       Potion            |       |     3 |     2 ||     5
  Eat: Chunk             |     9 |    26 |    49 ||    84
Armor: Ring mail         |    39 |    47 |       ||    86
       Chain mail        |       |    32 |   203 ||   235
Dodge: Dodged            |    56 |    75 |   141 ||   272
